 Dungeon Crawl Stone Soup version 0.20.2-3-g29329e0561 (webtiles) character file.

4000 Alfie the Carver (level 10, -10/84 HPs)
             Began as a Hill Orc Fighter on Nov 2, 2022.
             Killed from afar by a guardian serpent (16 damage)
             ... with a bolt of poison
             ... on level 9 of the Dungeon.
             The game lasted 00:22:38 (6854 turns).

Alfie the Carver (Hill Orc Fighter)                 Turns: 6854, Time: 00:22:40

Health: -10/84     AC: 12    Str: 20 (23) XL:     10   Next: 23%
Magic:  10/10      EV: 10    Int:  4 (8)  God:
Gold:   370        SH: 12    Dex:  9 (10) Spells: 8/9 levels left

rFire    + . .     SeeInvis .   e - +3 long sword (slice)
rCold    + . .     Gourm    .   c - +1 shield
rNeg     . . .     Faith    .   b - +1 scale mail
rPois    .         Spirit   .   r - +2 helmet
rElec    .         Reflect  .   (no cloak)
rCorr    .         Harm     .   (no gloves)
MR       .....     Rnd*Tele +   (no boots)
Stlth    ..........             (no amulet)
Regen    0.3/turn               l - ring of protection from fire
MPRegen  0.2/turn               i - ring of protection from cold

@: lethally poisoned (-10 -> -23), hasted and slowed
A: blink, deterioration 1, teleportitis 1
a: Blink


You were on level 9 of the Dungeon.
You were hungry.

You visited 1 branch of the dungeon, and saw 9 of its levels.
You also visited: Sewer.

You collected 494 gold pieces.
You spent 124 gold pieces at shops.

Inventory:

Hand Weapons
 e - a +3 long sword of slicing (weapon)
Armour
 b - a +1 scale mail (worn)
 c - a +1 shield (worn)
 r - a +2 helmet (worn)
Jewellery
 a - a +4 ring of dexterity
 i - a ring of protection from cold (right hand)
 k - an uncursed amulet of the gourmand
 l - a ring of protection from fire (left hand)
 n - an uncursed ring of resist corrosion
 s - an uncursed ring of magical power {unknown}
 z - an uncursed amulet of magic regeneration
 F - an uncursed ring of protection from cold
 I - an uncursed ring of magical power {unknown}
Wands
 w - a wand of digging (20/24)
 y - a wand of paralysis (9/24)
 B - a wand of random effects (22/48)
 D - a wand of lightning (3/15)
 G - a wand of acid (7/15)
Scrolls
 d - 2 scrolls of fog
 g - 6 scrolls of recharging
 h - a scroll of magic mapping
 j - a scroll of enchant weapon
 o - 5 scrolls of remove curse
 q - 3 scrolls of teleportation
Potions
 m - a potion of flight
 p - a potion of agility {unknown}
 v - a potion of might
 x - a potion of haste
Books
 A - a book of Cantrips

   Spells                             Type                      Level
   a - Confusing Touch                Hexes                        1
   b - Animate Skeleton               Necromancy                   1
   c - Summon Small Mammal            Summoning                    1
   d - Apportation                    Translocation                1
 C - a book of Frost

   Spells                             Type                      Level
   a - Freeze                         Ice                          1
   b - Throw Frost                    Conjuration/Ice              2
   c - Ozocubu's Armour               Charms/Ice                   3
   d - Throw Icicle                   Conjuration/Ice              4
   e - Summon Ice Beast               Ice/Summoning                4
 H - a book of Enchantments

   Spells                             Type                      Level
   a - Cause Fear                     Hexes                        4
   b - Yara's Violent Unravelling     Hexes/Transmutation          5
   c - Silence                        Hexes/Air                    5
   d - Deflect Missiles               Charms/Air                   6
   e - Discord                        Hexes                        8
Comestibles
 f - 4 bread rations
 u - 2 meat rations
 E - 7 fruits


   Skills:
 + Level 6.8 Fighting
   Level 3.9(6.4) Short Blades
 + Level 8.7(9.2) Long Blades
 + Level 7.6 Armour
 + Level 3.4 Dodging
 + Level 1.0 Stealth
 + Level 8.3 Shields


You had 8 spell levels left.
You knew the following spells:

 Your Spells              Type           Power        Failure   Level  Hunger
a - Freeze                Ice            #...         98%         1    ##.....


Dungeon Overview and Level Annotations

Branches:
Dungeon (9/15)             Temple (0/1) D:7
   Lair: D:8-11         Orc: D:9-12

Altars:

Shops:
D:6 ?   D:7 ?


Innate Abilities, Weirdness & Mutations

You can translocate small distances at will.
Your body sometimes deteriorates upon taking damage.
You are occasionally teleported next to monsters.


Message History

You hit the guardian serpent but do no damage.
The guardian serpent is heavily wounded.
You feel sick.
You block the guardian serpent's attack.
You hit the guardian serpent.
The guardian serpent is severely wounded.
The guardian serpent hits you but does no damage.
You hit the guardian serpent but do no damage.
The guardian serpent is severely wounded.
You feel sick.
The guardian serpent casts a spell at you.
You feel as though you will be slow longer.
The guardian serpent barely misses you.
You miss the guardian serpent.
The guardian serpent is severely wounded.
You feel sick.
The guardian serpent casts a spell at you.
The bolt of poison hits you!
You are lethally poisoned!
You die...

..# ##
#..######. ###
######.........
......†.####...
........##
.........#
.......#.##
.......#).#
.......##.#
....... #@#
....... #S#
....... #.##
#..# ##..# ..#
..# ..# ..#


You could see a guardian serpent.

Vanquished Creatures
  The ghost of Alfie the Covered, a novice HOFi (D:4)
  The ghost of Alfie the Shield-Bearer, a novice HOFi (D:5)
  A troll (D:9)
  The ghost of Alfie the Skirmisher, an amateur HOFi (D:3)
  A water moccasin (D:4)
  An ice beast (D:8)
  A sky beast (D:8)
  2 black bears (D:8)
  A phantom (D:8)
  An orc warrior (D:6)
  3 ogres
  A centaur (D:5)
  A crocodile (D:8)
  8 bullfrogs
  A wyvern zombie (D:9)
  5 scorpions
  A wight (D:5)
  5 howler monkeys
  3 crimson imps
  A quasit (D:7)
  2 hounds
  2 bullfrog skeletons
  2 orc priests
  5 orc wizards
  3 iguanas
  4 worker ants
  A hound zombie (D:8)
  A hound skeleton (D:6)
  8 gnolls
  12 adders
  A shadow imp (D:7)
  3 worms
  A dart slug (D:2)
  6 leopard geckos
  11 orcs
  8 giant cockroaches
  8 hobgoblins
  19 jackals
  2 quokkas
  8 ball pythons
  10 bats
  6 frilled lizards
  11 goblins
  13 kobolds
  2 leopard gecko zombies
  5 rats
194 creatures vanquished.

Notes
Turn   | Place    | Note
-------+----------+-------------------------------------------
     0 | D:1      | Alfie the Hill Orc Fighter began the quest for the Orb.
     0 | D:1      | Reached XP level 1. HP: 19/19 MP: 1/1
   114 | D:1      | Reached XP level 2. HP: 25/27 MP: 2/2
   382 | D:1      | Reached XP level 3. HP: 25/33 MP: 3/3
   794 | D:2      | Reached XP level 4. HP: 13/40 MP: 4/4
   796 | D:2      | Gained mutation: Your body sometimes deteriorates upon taking damage. [potion of mutation]
   796 | D:2      | Gained mutation: You are occasionally teleported next to monsters. [potion of mutation]
   796 | D:2      | Gained mutation: You can translocate small distances at will. [potion of mutation]
   882 | D:2      | Noticed an ogre
  1407 | D:3      | Noticed Alfie's ghost (amateur HOFi)
  1408 | D:3      | Noticed an ogre
  1425 | D:2      | Killed an ogre
  1425 | D:2      | Reached skill level 1 in Dodging
  1425 | D:2      | Reached XP level 5. HP: 7/47 MP: 5/5
  1448 | D:3      | Found a glowing drain.
  1466 | Sewer    | Entered a sewer
  1486 | Sewer    | HP: 2/47 [adder (4)]
  1632 | Sewer    | Reached XP level 6. HP: 41/53 MP: 6/6
  2164 | D:3      | Killed Alfie's ghost
  2616 | D:3      | Reached skill level 5 in Shields
  2883 | D:4      | Noticed a water moccasin
  2895 | D:4      | Killed a water moccasin
  2895 | D:4      | Reached skill level 1 in Long Blades
  2895 | D:4      | Reached skill level 5 in Armour
  2895 | D:4      | Reached XP level 7. HP: 28/60 MP: 7/7
  3070 | D:4      | Noticed Alfie's ghost (novice HOFi)
  3109 | D:4      | Killed Alfie's ghost
  3109 | D:4      | Reached skill level 5 in Fighting
  3109 | D:4      | Reached XP level 8. HP: 23/68 MP: 8/8
  3678 | D:5      | Entered Level 5 of the Dungeon
  3894 | D:5      | Reached skill level 5 in Long Blades
  3947 | D:5      | Noticed Alfie's ghost (novice HOFi)
  3961 | D:5      | Killed Alfie's ghost
  3961 | D:5      | Reached XP level 9. HP: 32/74 MP: 9/9
  4499 | D:6      | Found Luip's Magic Scroll Boutique.
  4512 | D:6      | Bought a scroll of identify for 28 gold pieces
  5319 | D:7      | Found a staircase to the Ecumenical Temple.
  5464 | D:7      | Found Ycruachi's Magic Scroll Boutique.
  5474 | D:7      | Bought a scroll of identify for 24 gold pieces
  5474 | D:7      | Bought a scroll of identify for 24 gold pieces
  5474 | D:7      | Bought a scroll of identify for 24 gold pieces
  5474 | D:7      | Bought a scroll of identify for 24 gold pieces
  5987 | D:8      | Learned a level 1 spell: Freeze
  6358 | D:8      | Reached XP level 10. HP: 84/84 MP: 10/10
  6678 | D:9      | Reached skill level 1 in Stealth
  6840 | D:9      | Noticed a guardian serpent
  6854 | D:9      | Killed from afar by a guardian serpent

Skill      XL: |  1  2  3  4  5  6  7  8  9 10 |
---------------+-------------------------------+-----
Fighting       | 4 5 6 |  6.8
Shields        | 4 5 6 7 8 |  8.3
Armour         | 4 5 6 7 |  7.6
Short Blades   | 3 |  3.9
Dodging        | 1 2 3 |  3.4
Long Blades    | 1 3 5 8 |  8.7
Stealth        | 1 |  1.0

Action                   |  1- 3 |  4- 6 |  7- 9 | 10-12 || total
-------------------------+-------+-------+-------+-------++-------
Melee: Rapier            |   155 |   210 |       |       ||   365
       Long sword        |       |    58 |   341 |    58 ||   457
  Use: Potion            |     1 |     7 |     4 |     2 ||    14
       Scroll            |       |     5 |    17 |       ||    22
 Stab: Invisible         |       |       |     1 |       ||     1
  Eat: Bread ration      |       |     1 |     2 |       ||     3
       Fruit             |       |     4 |       |       ||     4
       Royal jelly       |       |       |     2 |       ||     2
Armor: Scale mail        |    54 |   134 |   121 |     9 ||   318
Dodge: Dodged            |    41 |    87 |   112 |    15 ||   255
Block: Shield            |    75 |   173 |   202 |    29 ||   479
       Rpst.: Long sword |       |     6 |    35 |     5 ||    46
